 Dungeon Crawl Stone Soup version 0.31-a0-559-g03b8d61ab2 (webtiles) character file.

Game seed: 5676742520597812237

242 Ethylacetat the Insei (level 6, -1/43 HPs)
             Began as an Octopode Gladiator on Aug 17, 2023.
             Slain by an orc
             ... wielding a +0 short sword
              (4 damage)
             ... on level 3 of the Dungeon.
             The game lasted 00:02:38 (2184 turns).

Ethylacetat the Insei (Octopode Gladiator)          Turns: 2184, Time: 00:02:38

Health: -1/43      AC:  1    Str: 13    XL:     6   Next: 9%
Magic:  6/6        EV: 20    Int: 11    God:
Gold:   130        SH:  5    Dex: 15    Spells: 5/5 levels left

rFire   . . .        h - +1 dagger (venom)
rCold   . . .        (no shield)
rNeg    . . .        a - +0 hat
rPois   .            f - amulet of reflection
rElec   .            i - +5 ring of evasion
rCorr   .            (no ring)
SInv    .            (no ring)
Will    .....        (no ring)
Stlth   ++           (no ring)
HPRegen 0.27/turn    (no ring)
MPRegen 0.10/turn    (no ring)
                     (no ring)

%: reflection
@: no status effects
A: almost no armour, amphibious, 8 rings, camouflage 1, gelatinous body 1,
(nimble swimmer 1), tentacles
a: no special abilities


You were on level 3 of the Dungeon.
You visited 1 branch of the dungeon, and saw 3 of its levels.

You collected 130 gold pieces.

Inventory:

Hand Weapons
 h - a +1 dagger of venom (weapon)
Missiles
 b - 3 throwing nets (quivered)
 c - a javelin
Armour
 a - a +0 hat (worn)
Jewellery
 f - an amulet of reflection (around mantle)
 i - a +5 ring of evasion (left tentacle)
Wands
 n - a wand of acid (7)
Scrolls
 d - a scroll of vulnerability {unknown}
 e - 2 scrolls of teleportation {unknown}
 l - a scroll of enchant armour {unknown}
 m - a scroll of identify {unknown}
 p - a scroll of brand weapon {unknown}
Potions
 g - a potion of curing
 j - 2 potions of heal wounds {unknown}
 k - a potion of degeneration {unknown}
 o - a potion of attraction {unknown}


   Skills:
 + Level 4.0 Fighting
 - Level 2.0 Throwing
 + Level 4.4 Dodging
 + Level 4.4 Unarmed Combat


You had 5 spell levels left.
You didn't know any spells.
Your spell library contained the following spells:

 Spells                   Type           Power      Damage    Failure   Level
 Slow                     Hex            0%         N/A       34%         1
 Confusing Touch          Hex            0%         N/A       71%         3
 Vampiric Draining        Necr           0%         2d6       71%         3


Dungeon Overview and Level Annotations

Branches:
Dungeon (3/15)

Altars:

Shops:
D:2 [


Innate Abilities, Weirdness & Mutations

You cannot wear most types of armour.
You are amphibious.
You can wear up to eight rings at the same time.
Your skin changes colour to match your surroundings (Stealth+).
Your rubbery body absorbs attacks. (AC +1, EV +1)
((You are camouflaged when in or above water. (Stealth+)))
You have tentacles for arms and can constrict up to eight enemies at once.


Message History

You constrict the orc wizard.
You feel very sick. The orc misses you. You block the orc wizard's attack.
The orc completely misses you. You block the kobold's attack.
You are too injured to fight recklessly!
You hit the kobold but do no damage.
The kobold is poisoned.
Your grab misses the kobold. You constrict the orc wizard.
You feel very sick. The orc misses you.
The orc wizard hits you with a +0 dagger.
The orc closely misses you. The kobold misses you.
You hit the orc wizard but do no damage.
The orc wizard looks as sick as possible!
You tentacle-slap the orc wizard, but do no damage.
The orc wizard is severely wounded.
You constrict the orc wizard, but do no damage.
* * * LOW HITPOINT WARNING * * *
You feel very sick.
You kill the orc wizard!
The orc closely misses you. The orc hits you with a +0 short sword.
* * * LOW HITPOINT WARNING * * *
The goblin hits you with a +0 club.
* * * LOW HITPOINT WARNING * * *
The kobold barely misses you.
Your Fighting skill increases to level 4!
You have reached level 6!
It was a potion of curing.
You feel better.
You kill the kobold!
The goblin completely misses you. The orc misses you.
The orc hits you with a +0 short sword.
* * * LOW HITPOINT WARNING * * *
You barely miss the orc. You grab the orc.
You squeeze the orc, but do no damage.
You constrict the orc, but do no damage.
You block the goblin's attack. The orc misses you. The orc barely misses you.
You completely miss the orc. You grab the orc. You constrict the orc. x2
The goblin completely misses you. The orc hits you with a +0 flail!
* * * LOW HITPOINT WARNING * * *
The orc hits you with a +0 short sword.
You die...

#. .. #.##.#
#..#.### ###......
....... #....#
##o#g######
#.o@).....# ##
#.##)####.# .### #
#.<# #..# ##.# ..#
#### #.# ###.# $.g
.#.#
###...###g##.......
#........ggK# ...
#.#...###.##.# ####


You could see 2 orcs and a goblin.

Vanquished Creatures
  A scorpion (D:3)
  An orc wizard (D:3)
  5 gnolls
  5 adders (D:2)
  2 dart slugs (D:2)
  An orc (D:3)
  4 endoplasms
  3 giant cockroaches (D:2)
  5 goblins
  6 hobgoblins
  3 quokkas
  6 ball pythons
  6 bats
  4 frilled lizards
  8 kobolds
  5 rats
65 creatures vanquished.

Notes
Turn   | Place    | Note
-------+----------+-------------------------------------------
     0 | D:1      | Ethylacetat the Octopode Gladiator began the quest for the
                  | Orb.
     0 | D:1      | Reached XP level 1. HP: 14/14 MP: 1/1
   214 | D:1      | Reached XP level 2. HP: 10/19 MP: 2/2
   818 | D:1      | Reached XP level 3. HP: 25/25 MP: 3/3
   969 | D:2      | Reached XP level 4. HP: 10/30 MP: 4/4
  1104 | D:2      | Found a faded altar of an unknown god.
  1528 | D:2      | Found Gaijesur's Antique Armour Shoppe.
  1680 | D:2      | Reached XP level 5. HP: 36/36 MP: 5/5
  2182 | D:3      | Reached XP level 6. HP: 6/43 MP: 6/6
  2184 | D:3      | Slain by an orc

Illustrated notes

Levels and vault maps discovered:
D:1:      co_arrival_square_in_a_square_in_a_square, layout_loops_corners
D:2:      layout_loops_ring, serial_shops, shop,
          hellmonk_ecumenical_altar_lost_god, minmay_joined_circles
D:3:      layout_loops_corners, serial_bayou_pond_d, grunt_decor_resistance,
          corexii_corridor_pit, minmay_checkerbox

Skill      XL: |  1  2  3  4  5 |
---------------+----------------+-----
Fighting       | 3 4 |  4.0
Dodging        | 4 |  4.4
Unarmed Combat | 4 |  4.4
Throwing       | |  2.0

Action                     |  1- 3 |  4- 6 || total
---------------------------+-------+-------++-------
  Melee: Unarmed           |    13 |       ||    13
         Tentacles         |    14 |    15 ||    29
         Constrict         |    18 |    22 ||    40
         Dagger            |    53 |    66 ||   119
         Punch             |     2 |     2 ||     4
    Use: Potion            |       |     1 ||     1
   Stab: Sleeping          |     6 |    10 ||    16
 Armour: Skin              |     2 |       ||     2
  Dodge: Dodged            |    36 |    55 ||    91
  Block: Other             |     9 |    17 ||    26

Table legend: (Time is in decaauts)
 A = Elapsed time spent in this place.
 B = Non-inter-level travel time spent in this place.
 C = Inter-level travel time spent in this place.
 D = Time resting spent in this place.
 E = Time spent auto-exploring this place.
 F = Levels seen in this place.
 G = Mean time per level.
                   A        B        C        D        E       F      G
               +--------+--------+--------+--------+--------+-----+--------+
         Total |   2181 |   2061 |    120 |     89 |   1573 |   3 |  727.0 |
       Dungeon |   2181 |   2061 |    120 |     89 |   1573 |   3 |  727.0 |
               +--------+--------+--------+--------+--------+-----+--------+

Top non-repeatable levels by time:
     D:2: 1172 daAuts
     D:1: 905 daAuts
     D:3: 104 daAuts
